[ AOE2 MATCH · #477181154 ]
UnrankedWu vs Maya
Player's team · WIN
Rival team · LOSS
[ REPLAY ANALYSIS · EXTRACTED FROM THE RECORDED GAME ]
Feudal
9:58
Castle
19:44
Imperial
—
| APM avg | 82.3 |
| APM peak | 110 |
| eAPM avg | 45.0 |
| Villagers / military | 69 / 118 |
Focus
⚔️ 39.2% · 🌾 60.8%
Militia ×112 · Skirmisher ×4 · Monk ×1 · Spearman ×1 · Unknown (1974) ×1
Feudal
14:43
Castle
18:13
Imperial
—
| APM avg | 69.2 |
| APM peak | 108 |
| eAPM avg | 26.6 |
| Villagers / military | 56 / 72 |
Focus
⚔️ 56.6% · 🌾 43.4%
Militia ×43 · Eagle Scout ×15 · Monk ×7 · Mangonel ×4 · Battering Ram ×3
Match map
Initial resources + every placement click. Lines = walls · curves = elevation contours. ◆ gold · ⬟ stone · ● berries · ✦ relic · ◌ wall gap
Your base· Open — opponent sealed themselves in
Survivalist's base· ✓ Closed at 18:13 · 73t walls · 1 gate(s)
Smoothed initial terrain · ◌ = detected wall gap · hover for details
Inputs per minute
— WINDOWS2008 - - Survivalist
Build order — WINDOWS2008
First 150 of 305 actions detected
| 0:00 | Create | Villager (Male) |
| 0:01 | Create | Villager (Male) |
| 0:02 | Build | House |
| 0:02 | Build | House |
| 0:05 | Create | Villager (Male) |
| 0:08 | Create | Villager (Male) |
| 1:23 | Create | Villager (Male) |
| 1:24 | Create | Villager (Male) |
| 1:46 | Create | Villager (Male) |
| 2:31 | Create | Villager (Male) |
| 2:31 | Create | Villager (Male) |
| 2:31 | Create | Villager (Male) |
| 2:36 | Build | Lumber Camp |
| 2:54 | Create | Villager (Male) |
| 2:54 | Create | Villager (Male) |
| 3:18 | Create | Villager (Male) |
| 3:19 | Create | Villager (Male) |
| 3:43 | Create | Villager (Male) |
| 3:43 | Create | Villager (Male) |
| 3:52 | Build | House |
| 4:05 | Create | Villager (Male) |
| 4:21 | Create | Villager (Male) |
| 4:31 | Create | Villager (Male) |
| 4:31 | Create | Villager (Male) |
| 4:56 | Create | Villager (Male) |
| 5:17 | Build | House |
| 5:46 | Create | Villager (Male) |
| 6:12 | Research | Loom |
| 6:19 | Build | Palisade Wall |
| 6:21 | Build | Palisade Wall |
| 6:22 | Build | Palisade Wall |
| 6:24 | Build | Palisade Wall |
| 7:00 | Create | Villager (Male) |
| 7:06 | Build | Mining Camp |
| 7:48 | Research | Feudal Age |
| 7:49 | Research | Feudal Age |
| 7:49 | Research | Feudal Age |
| 8:05 | Build | Barracks |
| 9:00 | Create | Villager (Male) |
| 9:32 | Create | Villager (Male) |
| 9:58 | Age | Feudal Age |
| 9:59 | Build | Barracks |
| 10:02 | Build | Archery Range |
| 10:03 | Research | Double-Bit Axe |
| 10:05 | Create | Villager (Male) |
| 10:27 | Create | Villager (Male) |
| 10:40 | Build | Palisade Gate |
| 10:40 | Create | Villager (Male) |
| 10:43 | Build | House |
| 10:48 | Create | Villager (Male) |
| 10:52 | Create | Skirmisher |
| 10:52 | Create | Skirmisher |
| 10:58 | Build | Palisade Gate |
| 11:02 | Create | Villager (Male) |
| 11:08 | Build | House |
| 11:14 | Create | Villager (Male) |
| 11:34 | Create | Skirmisher |
| 11:51 | Build | Mill |
| 12:16 | Build | Farm |
| 12:18 | Build | Farm |
| 12:20 | Create | Villager (Male) |
| 12:22 | Build | Farm |
| 12:25 | Build | House |
| 12:29 | Create | Villager (Male) |
| 12:38 | Create | Villager (Male) |
| 12:39 | Build | Farm |
| 12:41 | Build | Farm |
| 12:42 | Build | Farm |
| 13:00 | Create | Villager (Male) |
| 13:04 | Build | Farm |
| 13:14 | Build | Farm |
| 13:21 | Create | Villager (Male) |
| 13:44 | Create | Villager (Male) |
| 13:46 | Build | Farm |
| 13:48 | Build | Farm |
| 13:55 | Create | Villager (Male) |
| 14:26 | Build | Farm |
| 14:30 | Build | House |
| 14:45 | Build | Mining Camp |
| 15:11 | Create | Villager (Male) |
| 15:17 | Create | Spearman |
| 15:21 | Build | House |
| 15:31 | Create | Villager (Male) |
| 15:37 | Build | House |
| 15:53 | Create | Villager (Male) |
| 15:56 | Build | House |
| 16:01 | Build | Blacksmith |
| 16:08 | Build | Market |
| 16:17 | Build | House |
| 16:35 | Build | House |
| 16:40 | Build | House |
| 16:43 | Build | House |
| 16:59 | Research | Castle Age |
| 17:00 | Research | Castle Age |
| 17:23 | Build | Barracks |
| 17:51 | Create | Skirmisher |
| 18:01 | Research | Gold Mining |
| 18:18 | Build | Watch Tower |
| 18:27 | Build | Blacksmith |
| 18:48 | Research | Man-at-Arms (upgrade) |
| 18:58 | Build | House |
| 19:08 | Build | Palisade Wall |
| 19:10 | Build | Palisade Wall |
| 19:10 | Build | Palisade Wall |
| 19:12 | Build | Palisade Wall |
| 19:15 | Create | Villager (Male) |
| 19:17 | Build | Palisade Wall |
| 19:20 | Build | Palisade Wall |
| 19:30 | Research | Town Watch |
| 19:34 | Build | House |
| 19:42 | Build | Palisade Wall |
| 19:42 | Build | Palisade Wall |
| 19:44 | Age | Castle Age |
| 19:46 | Create | Militia |
| 19:46 | Create | Militia |
| 19:50 | Research | Long Swordsman (upgrade) |
| 19:51 | Create | Villager (Male) |
| 19:55 | Create | Villager (Male) |
| 20:01 | Build | Farm |
| 20:06 | Create | Villager (Male) |
| 20:17 | Research | Squires |
| 20:17 | Research | Squires |
| 20:19 | Create | Militia |
| 20:19 | Create | Militia |
| 20:20 | Research | Scale Mail Armor |
| 20:20 | Research | Scale Mail Armor |
| 20:21 | Create | Villager (Male) |
| 20:23 | Create | Villager (Male) |
| 20:29 | Build | Barracks |
| 20:39 | Create | Unit 1974 |
| 20:42 | Create | Militia |
| 20:42 | Create | Militia |
| 20:45 | Build | House |
| 20:55 | Build | House |
| 20:56 | Build | House |
| 20:57 | Build | House |
| 21:00 | Build | House |
| 21:05 | Create | Militia |
| 21:05 | Create | Militia |
| 21:05 | Create | Militia |
| 21:12 | Create | Militia |
| 21:12 | Create | Militia |
| 21:19 | Create | Militia |
| 21:19 | Create | Militia |
| 21:33 | Create | Militia |
| 21:33 | Create | Militia |
| 21:33 | Create | Militia |
| 22:06 | Create | Militia |
| 22:06 | Create | Militia |
| 22:06 | Create | Militia |
Build order — Survivalist
First 150 of 236 actions detected
| 0:01 | Research | Loom |
| 0:03 | Build | House |
| 0:04 | Build | House |
| 0:15 | Create | Villager (Male) |
| 0:15 | Create | Villager (Male) |
| 0:23 | Create | Villager (Male) |
| 0:23 | Create | Villager (Male) |
| 1:23 | Create | Villager (Male) |
| 1:23 | Create | Villager (Male) |
| 1:30 | Build | Lumber Camp |
| 1:48 | Create | Villager (Male) |
| 2:20 | Create | Villager (Male) |
| 2:46 | Create | Villager (Male) |
| 2:47 | Create | Villager (Male) |
| 3:18 | Create | Villager (Male) |
| 3:43 | Create | Villager (Male) |
| 4:06 | Create | Villager (Male) |
| 4:09 | Build | House |
| 4:13 | Build | Barracks |
| 4:17 | Build | Palisade Wall |
| 4:19 | Build | Palisade Wall |
| 4:20 | Build | Palisade Wall |
| 4:26 | Create | Villager (Male) |
| 4:40 | Build | House |
| 4:55 | Create | Villager (Male) |
| 5:11 | Create | Militia |
| 5:16 | Create | Villager (Male) |
| 5:31 | Create | Militia |
| 5:50 | Create | Villager (Male) |
| 6:13 | Create | Militia |
| 6:16 | Create | Villager (Male) |
| 6:18 | Build | House |
| 6:19 | Build | Palisade Wall |
| 6:19 | Build | Palisade Wall |
| 6:20 | Build | Palisade Wall |
| 6:40 | Build | Palisade Wall |
| 6:41 | Build | Palisade Wall |
| 6:52 | Create | Villager (Male) |
| 6:55 | Build | Mill |
| 6:57 | Create | Militia |
| 7:02 | Create | Militia |
| 7:05 | Build | Palisade Wall |
| 7:08 | Build | Palisade Wall |
| 7:09 | Build | Palisade Wall |
| 7:10 | Build | Palisade Wall |
| 7:19 | Build | House |
| 7:58 | Build | House |
| 7:58 | Create | Villager (Male) |
| 8:17 | Create | Villager (Male) |
| 8:20 | Create | Villager (Male) |
| 8:22 | Build | Palisade Wall |
| 8:23 | Build | Palisade Wall |
| 8:30 | Build | House |
| 8:34 | Build | Mining Camp |
| 8:48 | Create | Villager (Male) |
| 8:59 | Create | Villager (Male) |
| 9:03 | Build | Farm |
| 9:06 | Build | Palisade Wall |
| 9:07 | Build | Palisade Wall |
| 9:13 | Create | Villager (Male) |
| 9:27 | Build | Palisade Wall |
| 9:32 | Build | Farm |
| 9:40 | Create | Villager (Male) |
| 9:44 | Create | Villager (Male) |
| 9:50 | Build | Palisade Wall |
| 9:53 | Build | Palisade Wall |
| 9:56 | Create | Villager (Male) |
| 10:21 | Create | Villager (Male) |
| 10:26 | Build | Palisade Wall |
| 10:26 | Build | Palisade Wall |
| 10:40 | Build | Palisade Wall |
| 10:41 | Build | Palisade Wall |
| 10:43 | Build | Palisade Wall |
| 10:45 | Create | Villager (Male) |
| 10:52 | Create | Villager (Male) |
| 10:59 | Build | Farm |
| 11:29 | Create | Villager (Male) |
| 11:47 | Build | Palisade Wall |
| 11:50 | Build | Palisade Wall |
| 11:54 | Create | Villager (Male) |
| 12:15 | Research | Feudal Age |
| 12:33 | Build | Farm |
| 12:42 | Create | Villager (Male) |
| 12:46 | Create | Villager (Male) |
| 12:48 | Build | House |
| 13:08 | Build | Farm |
| 13:10 | Build | Farm |
| 14:43 | Age | Feudal Age |
| 14:50 | Build | Market |
| 14:55 | Build | Blacksmith |
| 15:01 | Create | Villager (Male) |
| 15:32 | Create | Eagle Scout |
| 15:32 | Research | Castle Age |
| 15:53 | Build | Barracks |
| 15:55 | Research | Double-Bit Axe |
| 16:24 | Build | Barracks |
| 16:29 | Create | Eagle Scout |
| 16:37 | Create | Eagle Scout |
| 16:38 | Research | Scale Mail Armor |
| 16:47 | Create | Villager (Male) |
| 16:51 | Build | Palisade Gate |
| 16:52 | Create | Eagle Scout |
| 16:59 | Build | Farm |
| 17:01 | Build | Farm |
| 17:19 | Create | Eagle Scout |
| 17:19 | Create | Eagle Scout |
| 17:22 | Create | Villager (Male) |
| 17:33 | Build | Farm |
| 17:39 | Create | Eagle Scout |
| 17:41 | Build | House |
| 17:43 | Create | Villager (Male) |
| 17:47 | Build | House |
| 18:11 | Create | Eagle Scout |
| 18:11 | Create | Eagle Scout |
| 18:13 | Age | Castle Age |
| 18:19 | Research | Eagle Warrior (upgrade) |
| 18:19 | Research | Eagle Warrior (upgrade) |
| 18:29 | Research | Squires |
| 18:29 | Research | Squires |
| 18:32 | Build | Farm |
| 18:33 | Build | Farm |
| 18:35 | Build | Farm |
| 18:46 | Create | Villager (Male) |
| 18:52 | Build | Siege Workshop |
| 18:55 | Create | Eagle Scout |
| 18:55 | Create | Eagle Scout |
| 19:09 | Create | Eagle Scout |
| 19:09 | Create | Eagle Scout |
| 19:11 | Build | Farm |
| 19:22 | Create | Villager (Male) |
| 19:44 | Create | Villager (Male) |
| 19:47 | Research | Arson |
| 19:56 | Create | Villager (Male) |
| 20:25 | Create | Villager (Male) |
| 20:32 | Build | House |
| 20:33 | Create | Mangonel |
| 20:37 | Research | Wheelbarrow |
| 20:40 | Create | Eagle Scout |
| 20:40 | Create | Eagle Scout |
| 20:44 | Build | House |
| 21:02 | Research | Man-at-Arms (upgrade) |
| 21:23 | Build | Monastery |
| 21:32 | Create | Villager (Male) |
| 21:46 | Create | Militia |
| 21:54 | Build | Palisade Wall |
| 22:03 | Research | Long Swordsman (upgrade) |
| 22:04 | Research | Long Swordsman (upgrade) |
| 22:12 | Create | Militia |
| 22:13 | Create | Militia |
| 22:18 | Build | Farm |
Match timeline
| 4:13 | Survivalist · first_building Barracks |
| 4:17 | Survivalist · wall_segment Palisade Wall x1 |
| 4:19 | Survivalist · wall_segment Palisade Wall x1 |
| 4:20 | Survivalist · wall_segment Palisade Wall x1 |
| 6:19 | Survivalist · wall_segment Palisade Wall x1 |
| 6:19 | Survivalist · wall_segment Palisade Wall x1 |
| 6:19 | WINDOWS2008 · wall_segment Palisade Wall x1 |
| 6:20 | Survivalist · wall_segment Palisade Wall x1 |
| 6:21 | WINDOWS2008 · wall_segment Palisade Wall x1 |
| 6:22 | WINDOWS2008 · wall_segment Palisade Wall x1 |
| 6:24 | WINDOWS2008 · wall_segment Palisade Wall x1 |
| 6:40 | Survivalist · wall_segment Palisade Wall x1 |
| 6:41 | Survivalist · wall_segment Palisade Wall x1 |
| 7:05 | Survivalist · wall_segment Palisade Wall x1 |
| 7:08 | Survivalist · wall_segment Palisade Wall x1 |
| 7:09 | Survivalist · wall_segment Palisade Wall x1 |
| 7:10 | Survivalist · wall_segment Palisade Wall x1 |
| 8:05 | WINDOWS2008 · first_building Barracks |
| 8:22 | Survivalist · wall_segment Palisade Wall x3 |
| 8:23 | Survivalist · wall_segment Palisade Wall x7 |
| 9:06 | Survivalist · wall_segment Palisade Wall x1 |
| 9:07 | Survivalist · wall_segment Palisade Wall x1 |
| 9:27 | Survivalist · wall_segment Palisade Wall x1 |
| 9:50 | Survivalist · wall_segment Palisade Wall x5 |
| 9:53 | Survivalist · wall_segment Palisade Wall x13 |
| 9:58 | WINDOWS2008 · age_up feudal |
| 10:02 | WINDOWS2008 · first_building Archery Range |
| 10:26 | Survivalist · wall_segment Palisade Wall x1 |
| 10:26 | Survivalist · wall_segment Palisade Wall x1 |
| 10:40 | Survivalist · wall_segment Palisade Wall x1 |
| 10:41 | Survivalist · wall_segment Palisade Wall x3 |
| 10:43 | Survivalist · wall_segment Palisade Wall x3 |
| 11:47 | Survivalist · wall_segment Palisade Wall x4 |
| 11:50 | Survivalist · wall_segment Palisade Wall x19 |
| 14:43 | Survivalist · age_up feudal |
| 15:29 | Survivalist · first_market_buy 100 food |
| 16:59 | WINDOWS2008 · first_market_sell 100 food |
| 18:13 | Survivalist · age_up castle |
| 18:52 | Survivalist · first_building Siege Workshop |
| 19:08 | WINDOWS2008 · wall_segment Palisade Wall x1 |
| 19:10 | WINDOWS2008 · wall_segment Palisade Wall x1 |
| 19:10 | WINDOWS2008 · wall_segment Palisade Wall x1 |
| 19:12 | WINDOWS2008 · wall_segment Palisade Wall x1 |
| 19:17 | WINDOWS2008 · wall_segment Palisade Wall x1 |
| 19:20 | WINDOWS2008 · wall_segment Palisade Wall x1 |
| 19:42 | WINDOWS2008 · wall_segment Palisade Wall x1 |
| 19:42 | WINDOWS2008 · wall_segment Palisade Wall x1 |
| 19:44 | WINDOWS2008 · age_up castle |
| 19:46 | Survivalist · first_market_sell 100 wood |
| 21:23 | Survivalist · first_building Monastery |
| 21:54 | Survivalist · wall_segment Palisade Wall x1 |
| 22:49 | WINDOWS2008 · first_market_buy 100 food |
| 26:42 | Survivalist · wall_segment Palisade Wall x1 |
| 26:42 | Survivalist · wall_segment Palisade Wall x1 |
| 29:18 | WINDOWS2008 · first_building Monastery |
| 32:11 | Survivalist · resign |
[ AI ANALYSIS · 1 CREDIT ]
What really happened in this match?
Wolo.gg analyzes every decision: build order, eco, micro, common mistakes by bracket. Personalized analysis on WhatsApp or Discord in 30 seconds.
Civ guide
Wu
Perfil
Jugador #2328947